 Dungeon Crawl Stone Soup version 0.23.2-1-ga50397a (webtiles) character file.

Game seed: 9128105203222303064

100 diana the Slasher (level 4, 0/34 HPs)
             Began as a Demonspawn Gladiator on May 13, 2019.
             Killed by divine providence
             ... invoked by an orc priest
              (9 damage)
             ... on level 3 of the Dungeon.
             The game lasted 00:02:35 (1929 turns).

diana the Slasher (Demonspawn Gladiator)            Turns: 1929, Time: 00:02:35

Health: 0/34       AC: 13    Str: 16    XL:     4   Next: 46%
Magic:  4/4        EV: 10    Int:  7    God:
Gold:   191        SH:  0    Dex: 14    Spells: 3/3 levels left

rFire    . . .     SeeInvis .   a - +0 long sword
rCold    . . .     Gourm    .   (no shield)
rNeg     . . .     Faith    .   q - +0 chain mail
rPois    .         Spirit   .   c - +0 helmet
rElec    .         Reflect  .   m - +0 cloak
rCorr    .         Harm     .   (no gloves)
MR       .....                  (no boots)
Stlth    ..........             (no amulet)
HPRegen  0.11/turn              i - -2 ring of intelligence (curse)
MPRegen  0.09/turn              n - +2 ring of evasion

@: lethally poisoned (0 -> -3)
A: yellow scales 1, demonic guardian 1
a: no special abilities


You were on level 3 of the Dungeon.
You were hungry.

You visited 1 branch of the dungeon, and saw 3 of its levels.

You collected 191 gold pieces.

Inventory:

Hand Weapons
 a - a +0 long sword (weapon)
Missiles
 d - 3 throwing nets (quivered)
Armour
 c - a +0 helmet (worn)
 m - a +0 cloak (worn)
 q - a +0 chain mail (worn)
Jewellery
 i - a cursed -2 ring of intelligence (left hand)
 n - a +2 ring of evasion (right hand)
Wands
 p - a wand of polymorph (7)
Scrolls
 b - a scroll of immolation {unknown}
 e - 3 scrolls of identify {unknown}
 g - a scroll of remove curse {unknown}
 h - a scroll of teleportation {unknown}
 j - a scroll of noise {unknown}
Potions
 k - 2 potions of flight {unknown}
 l - 2 potions of cancellation {unknown}
 o - a potion of heal wounds {unknown}
Comestibles
 f - 10 rations
 r - 2 chunks of flesh


   Skills:
 + Level 2.8 Fighting
 + Level 3.2 Long Blades
 - Level 1.7 Throwing
 * Level 2.5 Armour
 - Level 2.8 Dodging


You had 3 spell levels left.
You didn't know any spells.
Your spell library was empty.

Dungeon Overview and Level Annotations

Branches:
Dungeon (3/15)

Altars:
Qazlal


Innate Abilities, Weirdness & Mutations

You are partially covered in yellow scales. (AC +2)
A weak demonic guardian rushes to your aid.


Message History

The orc priest begins to cast a cantrip, but forgets the words!
The adder closely misses you.
You riposte.
You closely miss the adder. You miss the adder.
You feel sick.
The orc priest invokes the aid of Beogh against you.
Beogh smites you!
* * * LOW HITPOINT WARNING * * *
The adder bites you but does no damage.
You are too injured to fight recklessly!
You are too injured to fight recklessly!
You are too injured to fight recklessly!
You are too injured to fight recklessly!
You are too injured to fight recklessly!
You are too injured to fight recklessly!
Unknown command.
You swap places.
The adder bites your white imp.
Your white imp hits the adder.
Your white imp freezes the adder.
The adder barely misses your white imp.
Unknown command.
The orc priest invokes the aid of Beogh against you.
Beogh smites you!
You die...

. ###............#.# #.
#.##......###..#.#
.##.##.###.## #..#..
Soo....##.####..#..
{oo.........#.....
#S##...........#..
#######5#............#.#
........55..##.##.#.##.#
#######@#.####.##.#.##.#
###. #.#...............
... #.#.####(##.#.....
#.#.##.#....(..........
#.............##.##....
#.#.##.................
#. #.#.####.....###.#
... .. #. #.#.# #.....#
#.# #[. ..# #. #.#.#
#.....# #.#


You could see an orc priest, an adder, 3 orcs, a friendly iron imp, a friendly
white imp and a friendly ufetubus.

Vanquished Creatures
  3 adders
  4 worms
  2 dart slugs
  3 leopard geckos
  2 orcs (D:3)
  6 bats
  5 goblins
  4 hobgoblins
  3 jackals
  10 kobolds
  A quokka (D:3)
  3 frilled lizards (D:1)
  7 rats
53 creatures vanquished.

Notes
Turn   | Place    | Note
-------+----------+-------------------------------------------
     0 | D:1      | diana the Demonspawn Gladiator began the quest for the Orb.
     0 | D:1      | Reached XP level 1. HP: 16/16 MP: 1/1
   134 | D:1      | Gained mutation: You are partially covered in yellow
                  | scales. (AC +2) [demonic ancestry]
   134 | D:1      | Reached XP level 2. HP: 22/22 MP: 2/2
   168 | D:1      | Reached skill level 1 in Armour
   898 | D:1      | Gained mutation: A weak demonic guardian rushes to your
                  | aid. [demonic ancestry]
   898 | D:1      | Reached XP level 3. HP: 16/28 MP: 3/3
   902 | D:1      | Reached skill level 3 in Long Blades
  1278 | D:2      | Reached XP level 4. HP: 34/34 MP: 4/4
  1332 | D:2      | Found a stormy altar of Qazlal.
  1929 | D:3      | Killed from afar by an orc priest

Skill      XL: |  1  2  3 |
---------------+----------+-----
Armour         | 1 2 |  2.5
Long Blades    | 3 |  3.2
Fighting       | |  2.8
Throwing       | |  1.7
Dodging        | |  2.8

Action                   |  1- 3 |  4- 6 || total
-------------------------+-------+-------++-------
Melee: Long sword        |   117 |    46 ||   163
  Eat: Chunk             |     1 |     2 ||     3
Armor: Leather armour    |     8 |       ||     8
       Scale mail        |    72 |       ||    72
       Chain mail        |     1 |    30 ||    31
Dodge: Dodged            |   109 |    25 ||   134
       Rpst.: Long sword |    29 |     8 ||    37
